 Dungeon Crawl Stone Soup version bcrawl-1.12-8-g964540c432 (webtiles) character file.

Game seed: 12449346502469111457

20 MisterOstroum the Sneak (level 3, 29/29 HPs)
             Began as a Formicid Archaeologist on June 8, 2019.
             Quit the game on level 1 of the Dungeon.
             The game lasted 00:01:04 (1145 turns).

MisterOstroum the Sneak (Formicid Archaeologist)    Turns: 1145, Time: 00:01:05

Health: 29/29      AC:  7    Str: 16    XL:     3   Next: 0%
Magic:  3/3        EV: 12    Int: 13    God:
Gold:   60         SH:  0    Dex:  9    Spells: 2/2 levels left

rFire    . . .     SeeInvis +   l - +0 short sword
rCold    . . .     Gourm    .   (no shield)
rNeg     . . .     Faith    .   a - +1 robe
rPois    .         Spirit   .   (helmet unavailable)
rElec    .         Reflect  .   (no cloak)
rCorr    .         Harm     .   c - +1 pair of gloves
MR       .....                  b - +1 pair of boots
Stlth    ++........             (no amulet)
HPRegen  0.09/turn              (no ring)
MPRegen  0.08/turn              (no ring)

@: studying Maces & Flails
A: permanent stasis, dig shafts and tunnels, four strong arms, antennae 3
a: Dig, Shaft Self


You were on level 1 of the Dungeon.
You were not hungry.

You visited 1 branch of the dungeon, and saw 1 of its levels.

You collected 60 gold pieces.

Inventory:

Hand Weapons
 i - a +0 dagger
 l - a +0 short sword (weapon)
Missiles
 p - 118 stones (quivered)
Armour
 a - a +1 robe (worn)
 b - a +1 pair of boots (worn)
 c - a +1 pair of gloves (worn)
Jewellery
 g - an uncursed ring of ice {unknown}
Scrolls
 h - a scroll of remove curse {unknown}
Potions
 j - a potion of lignification {unknown}
 k - a potion of berserk rage {unknown}
 m - a potion of flight {unknown}
 n - a potion of invisibility {unknown}
Books
 d - a manual of Maces & Flails
Miscellaneous
 f - an ancient crate
Comestibles
 e - 2 rations {!d}
 o - a chunk of flesh


   Skills:
 + Level 3.0 Fighting
 - Level 2.6 Dodging
 - Level 4.0 Stealth


You had 2 spell levels left.
You didn't know any spells.
Your spell library was empty.

Dungeon Overview and Level Annotations

Branches:
Dungeon (1/12)

Altars:


Innate Abilities, Weirdness & Mutations

You cannot be hasted, slowed, berserked, paralysed or teleported.
You can dig through walls and to a lower floor.
Your four strong arms can wield two-handed weapons with a shield.
You have a pair of large antennae on your head. (SInv)


Message History

A giant cockroach is nearby!
You see here 21 gold pieces.
A leopard gecko comes into view.
Found a short sword.
Found a stone staircase leading down.
The helpless giant cockroach fails to defend itself.
You hit the giant cockroach.
The giant cockroach is severely wounded.
The giant cockroach bites you but does no damage. x2
You closely miss the giant cockroach.
The giant cockroach is severely wounded.
The giant cockroach bites you but does no damage.
You hit the giant cockroach but do no damage.
The giant cockroach is severely wounded.
The giant cockroach bites you but does no damage.
You hit the giant cockroach.
You kill the giant cockroach!
The leopard gecko bites you. x2
You closely miss the leopard gecko. The leopard gecko barely misses you.
You barely miss the leopard gecko. The leopard gecko misses you.
You hit the leopard gecko but do no damage.
The leopard gecko barely misses you. The leopard gecko misses you.
You hit the leopard gecko.
You kill the leopard gecko!
No target in view!
No target in view!
No target in view!
No target in view!
No target in view!
No target in view!
No target in view!
No target in view!
No target in view!
No target in view!
No target in view!
No target in view!
No target in view!
No target in view!
No target in view!
No target in view!
No target in view!
No target in view!
No target in view!
No target in view!
No target in view!
You are feeling hungry.
You butcher the leopard gecko corpse.
o - a chunk of flesh You see here a leopard gecko skeleton. x2
Eating a chunk of flesh.
You eat the chunk of flesh.
This raw flesh tastes terrible.
You butcher the giant cockroach corpse.
o - a chunk of flesh You now have 60 gold pieces (gained 21).
p - 123 stones
e - 2 rations {!d} (gained 1)
A leopard gecko comes into view.
A leopard gecko is nearby!
A leopard gecko is nearby!
A leopard gecko is nearby!
Throwing (i - inventory)
p - 123 stones (quivered)
Press: ? - help, Shift-Dir - straight line, f - leopard gecko
Aim: a leopard gecko (clinging, resting)
You throw a stone. The stone hits the leopard gecko.
The leopard gecko hisses angrily.
The leopard gecko is lightly wounded.
A kobold comes into view. It is wielding a +0 short sword.
Throwing (i - inventory)
p - 122 stones (quivered)
Press: ? - help, Shift-Dir - straight line, f/p - leopard gecko
Aim: a leopard gecko (lightly wounded, clinging)
You throw a stone.
The stone barely misses the leopard gecko.
The stone completely misses the kobold.
Throwing (i - inventory)
p - 121 stones (quivered)
Press: ? - help, Shift-Dir - straight line, f/p - leopard gecko
Aim: a leopard gecko (lightly wounded, clinging)
You throw a stone.
The stone closely misses the leopard gecko.
The stone hits the kobold.
The kobold is severely wounded.
Throwing (i - inventory)
p - 120 stones (quivered)
Press: ? - help, Shift-Dir - straight line, f/p - leopard gecko
Aim: a leopard gecko (lightly wounded, clinging)
You throw a stone.
The stone hits the leopard gecko but does no damage.
The leopard gecko is lightly wounded.
Throwing (i - inventory)
p - 119 stones (quivered)
Press: ? - help, Shift-Dir - straight line, f/p - leopard gecko
Aim: a leopard gecko (lightly wounded, clinging)
You throw a stone. The stone misses the leopard gecko.
The stone hits the kobold.
The kobold is severely wounded.
You hit the leopard gecko.
You kill the leopard gecko!
Your Fighting skill increases to level 3!
You have reached level 3!
Your experience leads to an increase in your attributes!
Increase (S)trength, (I)ntelligence, or (D)exterity?
You feel stronger.
You have an epiphany!
The dusty tome is a manual of Maces & Flails!
Reading it may be key to unlocking the crate...
Are you sure you want to abandon this character and quit the game? (Confirm with "yes".)

.# #######.#.....#
.# #............##
.### #.#####.#.####
...# #.# #.#.# ##.#
#.# #.#.# ##.###
#######.#####.#.#
.....#
..............#.#
.#.#.#.
.#########.#######.#
........
.....K.@...# #.#
.#.#.#..
.###########
........# ...###..#
#### ... ##


You could see a kobold.

Vanquished Creatures
  A worm (D:1)
  2 leopard geckos (D:1)
  A giant cockroach (D:1)
  4 hobgoblins (D:1)
  2 jackals (D:1)
  2 kobolds (D:1)
  A bat (D:1)
13 creatures vanquished.

Notes
Turn   | Place    | Note
-------+----------+-------------------------------------------
     0 | D:1      | MisterOstroum the Formicid Archaeologist began the quest
                  | for the Orb.
     0 | D:1      | Reached XP level 1. HP: 15/15 MP: 1/1
   513 | D:1      | Reached XP level 2. HP: 22/22 MP: 2/2
  1144 | D:1      | Reached XP level 3. HP: 29/29 MP: 3/3
  1145 | D:1      | Quit the game

Skill      XL: |  1  2 |
---------------+-------+-----
Fighting       | 2 3 |  3.0
Dodging        | |  2.6
Stealth        | |  4.0

Action                   || total
-------------------------++-------
Melee: Dagger            ||    21
       Unarmed           ||     8
       Short sword       ||    40
Throw: Stone             ||     5
 Stab: Sleeping          ||     3
  Eat: Chunk             ||     1
Armor: Robe              ||    26
Dodge: Dodged            ||    33
